 Dungeon Crawl Stone Soup version 0.15-a0-2151-gce93697 (webtiles) character file.

1031 PolkaDot the Slicer (level 8, 0/60 HPs)
             Began as a Vampire Gladiator on July 19, 2014.
             Slain by a goliath beetle (8 damage)
             ... on Level 6 of the Dungeon.
             The game lasted 00:13:07 (3134 turns).

PolkaDot the Slicer (Vampire Gladiator)             Turns: 3134, Time: 00:13:08

HP   0/60        AC  7     Str 14      XL: 8   Next:  3%
MP   8/8         EV 13     Int 10      God:
Gold 160         SH  0     Dex 16      Spells:  1 memorised,  5 levels left

rFire  + . .     SeeInvis +     a - +0 cutlass
rCold  . . .     Clarity  .     c - +0 leather armour
rNeg   . . .     rCorr    .     (no shield)
rPois  .         rRot     .     t - +0 helmet
rElec  .         Spirit   .     o - +0 cloak
SustAb .         Warding  .     j - +1 pair of gloves
rMut   .         Stasis   .     (no boots)
Gourm  .                        (no amulet)
MR     .....                    (no ring)
                                r - ring of protection from fire

@: regenerating quickly, not resistant to hostile enchantments, very unstealthy
A: bottle blood, fangs 3, see invisible, unbreathing
a: Bottle Blood


You were on level 6 of the Dungeon.
You were very full.

You visited 1 branch of the dungeon, and saw 6 of its levels.

You collected 160 gold pieces.

Inventory:

Hand weapons
 a - a +0 cutlass (weapon)
 b - a +0 hunting sling of velocity
Missiles
 u - 65 stones (quivered)
Armour
 c - a +0 leather armour (worn)
 j - a +1 pair of gloves (worn)
 o - a +0 cloak (worn)
 t - a +0 helmet (worn)
Magical devices
 h - a wand of paralysis (3)
 l - a wand of random effects (14) {unknown}
 n - a wand of flame (6)
 v - a wand of teleportation (0)
Scrolls
 e - a scroll of fear
 f - 2 scrolls of remove curse
 g - a scroll of amnesia
 k - a scroll of vulnerability {unknown}
 p - a scroll of immolation {unknown}
 q - 2 scrolls of blinking
 s - a scroll of fog {unknown}
Jewellery
 r - a ring of protection from fire (left hand)
Books
 w - a book of Air

   Spells                             Type                      Level
   Shock                              Conjuration/Air              1
   Swiftness                          Charms/Air                   2
   *Repel Missiles                    Charms/Air                   2
   Flight                             Charms/Air                   3
   Static Discharge                   Conjuration/Air              3
   Lightning Bolt                     Conjuration/Air              5


   Skills:
 + Level 4.3 Fighting
 * Level 8.4 Short Blades
 - Level 1.5 Throwing
 - Level 3.8 Dodging
 + Level 3.9 Charms


You had 5 spell levels left.
You knew the following spells:

 Your Spells              Type           Power        Failure   Level  Hunger
D - Repel Missiles        Chrm/Air       #.....       30%         2    ###....


Dungeon Overview and Level Annotations

Branches:
Dungeon (6/15)
 Temple: D:4-7

Altars:
Makhleb


Innate Abilities, Weirdness & Mutations

Your natural rate of healing is unusually fast.
You can bottle blood from corpses.
You have razor-sharp teeth.*
You have supernaturally acute eyesight.
You can survive without breathing.*


Message History

Zapping:
h - a wand of paralysis {zapped: 5}
Press: ? - help, Shift-Dir - straight line, f - orc
Aim: an orc, wielding a trident The orc resists with significant effort.
The orc misses you.
Evoke which item? (* to show all) (? for menu, Esc to quit)
Zapping:
h - a wand of paralysis {zapped: 6}
Press: ? - help, Shift-Dir - straight line, f/p - orc
Aim: an orc, wielding a trident The orc suddenly stops moving!
Things that are here:
a flail; a plate armour The helpless orc fails to defend itself.
You slice the orc!!
You kill the orc!
You hear the slow rusting of a drain, a long way away.
There's nothing here to drain!
There's nothing here to drain!
The goliath beetle bites you!
You die...

. .# #. .. #. .. #. .#
#.## .# #..# .#
.####.[#######.#######
..........B@)..........
.[####..######.#######
#..# .# #..# .# #..# .#
#..# .# #..# .# #.<# .#
#..# .


You could see a goliath beetle.

Vanquished Creatures
  The ghost of onwiheg the Ducker, an experienced DsBe of Trog (D:6)
  An orc warrior (D:6)
  An ogre (D:5)
  Sigmund (D:5)
  A crimson imp (D:5)
  A jelly (D:5)
  Crazy Yiuf (D:2)
  3 worker ants
  Ijyb (D:3)
  Terence (D:3)
  6 adders
  3 gnolls (D:3)
  2 worms (D:2)
  3 giant geckos
  6 orcs
  2 giant cockroaches
  4 hobgoblins
  6 kobolds
  2 quokkas (D:3)
  A ball python (D:2)
  6 bats
  2 giant newts
  10 goblins
  A goblin zombie (D:5)
  4 rats
  A rat zombie (D:5)
71 creatures vanquished.

Notes
Turn   | Place    | Note
--------------------------------------------------------------
     0 | D:1      | PolkaDot, the Vampire Gladiator, began the quest for the Orb.
     0 | D:1      | Reached XP level 1. HP: 16/16 MP: 1/1
   470 | D:1      | Reached XP level 2. HP: 20/22 MP: 2/2
   610 | D:1      | Reached skill level 4 in Short Blades
  1148 | D:2      | Reached XP level 3. HP: 25/27 MP: 3/3
  1323 | D:2      | Reached skill level 5 in Short Blades
  1608 | D:2      | Reached XP level 4. HP: 20/33 MP: 4/4
  1640 | D:2      | Noticed Crazy Yiuf
  1650 | D:2      | Killed Crazy Yiuf
  1873 | D:3      | Noticed Terence
  1891 | D:3      | Killed Terence
  1943 | D:3      | Reached XP level 5. HP: 38/38 MP: 5/5
  2253 | D:3      | Noticed Ijyb
  2315 | D:3      | Killed Ijyb
  2339 | D:3      | Learned a level 2 spell: Repel Missiles
  2557 | D:3      | Reached skill level 6 in Short Blades
  2830 | D:5      | Entered Level 5 of the Dungeon
  2855 | D:5      | Found a burning altar of Makhleb.
  2897 | D:5      | Noticed Sigmund
  2910 | D:5      | Killed Sigmund
  2910 | D:5      | Reached skill level 1 in Charms
  2910 | D:5      | Reached XP level 6. HP: 26/46 MP: 6/6
  2942 | D:5      | Noticed an ogre
  2964 | D:5      | Killed an ogre
  3031 | D:5      | Reached skill level 7 in Short Blades
  3078 | D:6      | Noticed onwiheg's ghost (experienced DsBe)
  3110 | D:6      | Killed onwiheg's ghost
  3110 | D:6      | Reached skill level 8 in Short Blades
  3110 | D:6      | Reached XP level 7. HP: 30/54 MP: 7/7
  3121 | D:6      | HP: 2/54 [orc warrior/flail (16)]
  3129 | D:6      | Reached XP level 8. HP: 7/60 MP: 8/8
  3134 | D:6      | Slain by a goliath beetle

Action                   |  1- 3 |  4- 6 |  7- 9 || total
-------------------------+-------+-------+-------++-------
Melee: Cutlass           |   118 |   205 |    11 ||   334
 Fire: Hunting sling     |       |    31 |       ||    31
Throw: Throwing net      |     3 |     8 |       ||    11
Evoke: Wand              |       |     2 |     6 ||     8
  Use: Potion            |     1 |     3 |     1 ||     5
       Scroll            |       |     7 |       ||     7
 Stab: Paralysed         |       |     4 |     3 ||     7
  Eat: Corpse            |    12 |    13 |       ||    25
